 Dungeon Crawl Stone Soup version 0.29-a0-243-g602b31c20e (webtiles) character file.

Game seed: 16134141271242325273

16 sanka the Insei (level 2, 29/29 HPs)
             Began as a Gnoll Monk on Mar 4, 2022.
             Was a Believer of Nemelex Xobeh.
             Quit the game on level 1 of the Dungeon.
             The game lasted 00:00:49 (478 turns).

sanka the Insei (Gnoll Monk)                         Turns: 478, Time: 00:00:50

Health: 29/29      AC:  2    Str: 10    XL:     2   Next: 58%
Magic:  2/2        EV: 15    Int:  9    God:    Nemelex Xobeh [**....]
Gold:   28         SH:  0    Dex: 14    Spells: 1/1 levels left

rFire   . . .      SeeInvis .     - Unarmed
rCold   . . .      Faith    .   (no shield)
rNeg    . . .      Spirit   .   a - +0 robe
rPois   .          Reflect  .   (no helmet)
rElec   .          Harm     .   (no cloak)
rCorr   .          Rampage  .   (no gloves)
Will    .....                   (no boots)
Stlth   +++.......              (no amulet)
HPRegen 0.09/turn               (no ring)
MPRegen 0.08/turn               (no ring)

@: no status effects
A: fangs 1, strong nose, distributed training
a: Renounce Religion, Draw Escape, Draw Destruction, Draw Summoning


You were on level 1 of the Dungeon.
You worshipped Nemelex Xobeh.
Nemelex Xobeh was pleased with you.
You visited 1 branch of the dungeon, and saw 1 of its levels.

You collected 28 gold pieces.


Innate Abilities, Weirdness & Mutations

You have very sharp teeth.
Your uncanny sense of smell can sniff out nearby items.
Your experience applies equally to all skills.


   Skills:
 + Level 6.5 Fighting
 + Level 0.4 Short Blades
 + Level 0.4 Long Blades
 + Level 0.4 Axes
 + Level 0.4 Maces & Flails
 + Level 0.4 Polearms
 + Level 0.4 Staves
 + Level 0.4 Slings
 + Level 0.4 Bows
 + Level 0.4 Crossbows
 + Level 0.4 Throwing
 + Level 0.4 Armour
 + Level 6.5 Dodging
 + Level 4.1 Stealth
 + Level 0.4 Shields
 + Level 6.5 Unarmed Combat
 + Level 0.4 Spellcasting
 + Level 0.2 Conjurations
 + Level 0.2 Hexes
 + Level 0.2 Summonings
 + Level 0.2 Necromancy
 + Level 0.2 Translocations
 + Level 0.2 Transmutations
 + Level 0.2 Fire Magic
 + Level 0.2 Ice Magic
 + Level 0.2 Air Magic
 + Level 0.2 Earth Magic
 + Level 0.2 Poison Magic
 + Level 0.5 Invocations
 + Level 0.4 Evocations


You had one spell level left.
You didn't know any spells.
Your spell library was empty.

Inventory:

Armour
 a - a +0 robe (worn)
Scrolls
 b - 2 scrolls of identify {unknown}
Potions
 c - a potion of degeneration {unknown}
 d - a potion of curing {unknown}

Dungeon Overview and Level Annotations

Branches:
Dungeon (1/15)

Altars:
Nemelex Xobeh

Shops:
D:1

([ ..▒ ▒.......♣.........▒
..▒▒ ▒.▒▒♣♣....♣..♣.▒▒.▒
▒..▒▒▒▒▒▒.▒▒▒.♣♣♣♣♣♣.♣..▒.▒
.............♣♣♣..†♣.♣.♣..▒
▒▒▒▒▒.▒▒▒....♣♣.♣♣♣.♣♣....▒▒
...▒▒.....(.♣♣...♣♣♣♣♣♣.▒..▒
....▒.▒▒▒▒▒.▒♣♣♣♣.♣♣ ♣♣.▒.▒
.............♣.♣...♣ ♣♣.▒..▒
....▒.....▒.▒♣♣.g♣♣♣ ♣..▒.▒▒
...▒▒†.▒▒▒▒..♣♣♣♣♣♣♣ ♣..▒.▒
▒▒▒▒▒........♣♣♣.♣.♣♣♣..▒.▒
......▒▒▒▒▒▒............▒.▒
▒▒▒...............▒▒▒▒▒.▒.▒
▒▒▒▒▒▒▒▒▒▒▒▒▒▒▒▒▒ ▒..▒.▒
▒.▒..▒ ▒...▒▒ ▒▒▒▒▒


There were no monsters in sight!


Message History

Found 7 gold pieces.
You now have 28 gold pieces (gained 7).
A hobgoblin comes into view.
A hobgoblin is nearby!
The helpless hobgoblin fails to defend itself.
You punch the hobgoblin!
You kill the hobgoblin!
No target in view!
No target in view!
You see here a hobgoblin corpse.
Found a faded altar of an unknown god.
There is a faded altar of an unknown god here.
You see here a hobgoblin corpse.
You open the door.
There is an open door here.
There is an open door here.
Found an amethyst potion.
Search for what [? for help]? altar You see here a hobgoblin corpse.
There is a faded altar of an unknown god here.
You cannot tell which god this altar belongs to.
Convert to them anyway?
Nemelex Xobeh accepts your prayer! Nemelex Xobeh welcomes you!
Nemelex will now gift you decks of power as you gain piety.
Nemelex Xobeh deals you some cards!
You now have 4 destruction cards and 2 summoning cards.
Nemelex Xobeh deals you some cards!
You now have 1 escape card, 9 destruction cards and 3 summoning cards.
You can now draw from decks of power.
Are you sure you want to abandon this character and quit the game? (Confirm with "yes".)

Action                   || total
-------------------------++-------
Melee: Unarmed           ||    35
       Bite              ||     3
       Punch             ||     1
 Stab: Sleeping          ||     4
Dodge: Dodged            ||    17

Levels and vault maps discovered:
D:1:      ebering_trefoil_twist, layout_basic, serial_shops, shop_statue, shop,
          nicolae_shop_temple_entry_statues_fountains, shop,
          chequers_ecumenical_altar_grove, minmay_misc_feat_encased,
          minmay_misc_feat_enclosed

Notes
Turn   | Place    | Note
-------+----------+-------------------------------------------
     0 | D:1      | sanka the Gnoll Monk began the quest for the Orb.
     0 | D:1      | Reached XP level 1. HP: 23/23 MP: 1/1
     6 | D:1      | Found Aliah's Antique Weapon Emporium.
   161 | D:1      | Found Xieret's Antique Armour Shoppe.
   163 | D:1      | Reached XP level 2. HP: 29/29 MP: 2/2
   392 | D:1      | Found a faded altar of an unknown god.
   477 | D:1      | Prayed at the altar of an unknown god.
   477 | D:1      | Became a worshipper of Nemelex Xobeh the Trickster
   477 | D:1      | Reached * piety under Nemelex Xobeh
   477 | D:1      | Received a gift from Nemelex Xobeh
   477 | D:1      | Received a gift from Nemelex Xobeh
   477 | D:1      | Reached ** piety under Nemelex Xobeh
   478 | D:1      | Quit the game

Vanquished Creatures
  3 endoplasms (D:1)
  2 giant cockroaches (D:1)
  2 goblins (D:1)
  3 hobgoblins (D:1)
  2 frilled lizards (D:1)
  A kobold (D:1)
  A rat (D:1)
14 creatures vanquished.
